 Dungeon Crawl Stone Soup version 0.17-a0-1951-g62301d3 (webtiles) character file.

466 glosham the Skirmisher (level 6, -4/57 HPs)
             Began as a Demigod Skald on Oct 2, 2015.
             Slain by a decayed bog body (5 damage)
             ... in an ossuary.
             The game lasted 00:46:19 (1658 turns).

glosham the Skirmisher (Demigod Skald)              Turns: 1658, Time: 00:46:19

Health: -4/57      AC: 14    Str: 19    XL:     6   Next: 51%
Magic:  11/11      EV: 11    Int: 16    God:
Gold:   203        SH:  0    Dex: 20    Spells: 2 memorised, 3 levels left

rFire  . . .     SeeInvis .     a - +2 dagger (holy)
rCold  . . .     Clarity  .     X - +0 plate armour
rNeg   . . .     SustAt   +     (no shield)
rPois  .         Gourm    .     U - +0 helmet
rElec  .         Spirit   .     Y - +1 cloak
rCorr  .         Warding  .     (no gloves)
rMut   .         Stasis   .     (no boots)
MR     .....                    (no amulet)
Stlth  ..........               (no ring)
                                (no ring)

@: agile, very slightly contaminated, hasted, very quick, not resistant to
hostile enchantments, extremely unstealthy
A: high mp 1, sustain attributes
a: no special abilities


You were in an ossuary.
You were not hungry.

You visited 1 branch of the dungeon, and saw 5 of its levels.
You also visited: Sewer and Ossuary.

You collected 203 gold pieces.

Inventory:

Hand weapons
 a - a +2 dagger of holy wrath (weapon)
 b - a +3 quarterstaff of chaos
 c - a +2 hunting sling of freezing
 d - a +2 dagger of venom
 e - a +4 dagger of venom
 f - a +0 hand axe
Missiles
 k - 80 stones (quivered)
 v - 30 arrows
 y - 27 bolts
Armour
 q - a +0 scale mail
 T - a +0 leather armour
 U - a +0 helmet (worn)
 X - a +0 plate armour (worn)
 Y - a +1 cloak (worn)
Magical devices
 u - a wand of confusion (17)
 w - a wand of flame (30)
Scrolls
 g - 3 scrolls of teleportation
 o - 2 scrolls of magic mapping
 x - a scroll of remove curse {unknown}
Potions
 l - a potion of mutation {unknown}
 m - a potion of agility
 n - a potion of cure mutation {!q}
 p - a potion of invisibility {unknown}
 r - a potion of curing {unknown}
 s - 2 potions of flight
 t - a potion of brilliance {unknown}
Books
 h - a book of Battle

   Spells                             Type                      Level
   a - Infusion                       Charms                       1
   b - Shroud of Golubria             Charms/Translocation         2
   c - Song of Slaying                Charms                       2
   d - Spectral Weapon                Hexes/Charms                 3
   e - Regeneration                   Charms/Necromancy            3
Comestibles
 i - 5 meat rations
 j - 2 bread rations


   Skills:
 * Level 5.7 Fighting
 - Level 3.2 Axes
 - Level 2.0 Armour
 - Level 0.8 Dodging
 - Level 1.7 Spellcasting
 - Level 2.6 Charms


You had 3 spell levels left.
You knew the following spells:

 Your Spells              Type           Power        Failure   Level  Hunger
r - Regeneration          Chrm/Necr      #.........   100%        3    ####...
s - Shroud of Golubria    Chrm/Tloc      #.........   100%        2    ###....


Dungeon Overview and Level Annotations

Branches:
Dungeon (5/15)
 Temple: D:4-7

Annotations:
D:3 Edirash's ghost, average KoFE


Innate Abilities, Weirdness & Mutations

You have an increased reservoir of magic (+10% MP).
Your attributes are resistant to harm.


Message History

The decayed bog body is lightly damaged.
You barely miss the decayed bog body.
The decayed bog body is lightly damaged.
The decayed bog body barely misses you.
The decayed bog body touches you but does no damage.
You hit the decayed bog body.
The decayed bog body convulses.
The decayed bog body is moderately damaged.
You barely miss the decayed bog body.
The decayed bog body is moderately damaged.
You hit the decayed bog body.
The decayed bog body convulses.
The decayed bog body is heavily damaged.
You hit the decayed bog body but do no damage.
The decayed bog body is heavily damaged.
The decayed bog body hits you. The decayed bog body touches you.
The decayed bog body freezes you! The decayed bog body hits you!
The decayed bog body touches you but does no damage.
You hit the decayed bog body.
The decayed bog body convulses.
The decayed bog body is almost destroyed.
The decayed bog body points at you and mumbles some strange words.
You resist with some effort. The decayed bog body hits you.
The decayed bog body touches you but does no damage.
You hit the decayed bog body.
You destroy the decayed bog body!
You hit the decayed bog body.
The decayed bog body convulses.
The decayed bog body is moderately damaged.
You closely miss the decayed bog body.
The decayed bog body is moderately damaged.
You closely miss the decayed bog body.
The decayed bog body is moderately damaged.
The decayed bog body hits you!
* * * LOW HITPOINT WARNING * * *
The decayed bog body barely misses you.
Drink which item? (? for menu, Esc to quit)
It was a potion of agility.
You feel agile all of a sudden. The decayed bog body hits you!
* * * LOW HITPOINT WARNING * * *
The decayed bog body closely misses you.
The decayed bog body hits you.
You die...

≈ P# #≈#
..##
#####≈≈#≈#
#∩..#.≈.≈#
#.∩nn≈#
#..@#≈.n≈≈
##### ≈#≈


You could see 2 decayed bog bodies.

Vanquished Creatures
  A bog body (Ossuary)
  An iguana (D:4)
  Crazy Yiuf (D:3)
  Terence (D:3)
  A siren (Sewer)
  An orc wizard (D:4)
  3 worker ants
  A killer bee zombie (D:4)
  A merfolk avatar (Sewer)
  Robin (D:2)
  2 river rats (Sewer)
  4 adders
  An ooze (D:2)
  An adder skeleton (D:4)
  A worm (D:4)
  A giant gecko (D:2)
  7 orcs (D:4)
  9 ball pythons
  2 bats (D:2)
  3 hobgoblins
  7 kobolds
  6 giant cockroaches
  11 giant newts
  17 goblins
  7 jackals (D:4)
  33 rats
  A fungus (D:3)
125 creatures vanquished.

Notes
Turn   | Place    | Note
--------------------------------------------------------------
     0 | D:1      | glosham the Demigod Skald began the quest for the Orb.
     0 | D:1      | Reached XP level 1. HP: 17/17 MP: 5/5
    82 | D:1      | Reached skill level 2 in Axes
   160 | D:2      | Reached XP level 2. HP: 19/24 MP: 7/7
   380 | D:2      | Reached skill level 3 in Axes
   453 | D:2      | Reached XP level 3. HP: 16/29 MP: 8/8
   513 | D:2      | Reached skill level 2 in Fighting
   533 | D:2      | Found a shimmering altar of Xom.
   535 | D:2      | Noticed an angel
   541 | D:2      | Found a glowing silver altar of Zin.
   574 | D:2      | Noticed Robin
   622 | D:2      | Killed Robin
   703 | D:2      | Learned a level 2 spell: Shroud of Golubria
   707 | D:2      | Learned a level 3 spell: Regeneration
   764 | D:3      | Noticed Crazy Yiuf
   769 | D:3      | Paralysed by Crazy Yiuf for 6 turns
   781 | D:3      | Killed Crazy Yiuf
   781 | D:3      | Reached skill level 3 in Fighting
   781 | D:3      | Reached XP level 4. HP: 13/38 MP: 4/9
   990 | D:3      | Noticed Terence
  1000 | D:3      | Killed Terence
  1008 | D:3      | Noticed Edirash's ghost (average KoFE)
  1060 | D:4      | Found a blossoming altar of Fedhas.
  1061 | D:4      | Found a glowing golden altar of the Shining One.
  1079 | D:4      | Reached skill level 1 in Armour
  1092 | D:4      | Found a glowing drain.
  1100 | D:4      | Reached XP level 5. HP: 43/46 MP: 10/10
  1117 | D:4      | Reached skill level 4 in Fighting
  1124 | D:4      | Reached skill level 2 in Armour
  1229 | Sewer    | Entered a sewer
  1334 | Sewer    | Reached skill level 5 in Fighting
  1334 | Sewer    | Reached XP level 6. HP: 54/56 MP: 11/11
  1480 | Sewer    | Noticed a drowned soul
  1480 | Sewer    | Noticed a drowned soul
  1483 | Sewer    | Noticed a drowned soul
  1483 | Sewer    | Noticed a drowned soul
  1484 | Sewer    | Killed a drowned soul
  1484 | Sewer    | Killed a drowned soul
  1484 | Sewer    | Killed a drowned soul
  1486 | Sewer    | Noticed a drowned soul
  1487 | Sewer    | Killed a drowned soul
  1559 | D:5      | Entered Level 5 of the Dungeon
  1619 | D:5      | Found a sand-covered staircase.
  1642 | Ossuary  | Entered an ossuary
  1658 | Ossuary  | HP: 1/57 [decayed bog body (8)]
  1658 | Ossuary  | Slain by a decayed bog body

Vault maps used:
D:1:      elethiomel_arrival_infinity_welcomes_careful_drivers
D:2:      grunt_temple_overflow_order_and_chaos_1, serial_corexii_hall,
          corexii_hall_statues_i, corexii_hall_statues_t, uniq_jessica,
          uniq_robin, uniq_sigmund
D:3:      minmay_fountain_box, uniq_terence, uniq_crazy_yiuf_cottage
D:4:      gammafunk_temple_overflow_pools, gup_sewer_entry_glass, st_stairs_8
D:5:      first_bread, nicolae_ossuary_entry_plus
Sewer:    sewer_sea
Ossuary:  ossuary_zaba_flooded

Action                   |  1- 3 |  4- 6 || total
-------------------------+-------+-------++-------
Melee: Hand axe          |   102 |       ||   102
       Dagger            |    42 |   164 ||   206
       Quarterstaff      |       |    41 ||    41
 Fire: Hunting sling     |    17 |    10 ||    27
  Use: Scroll            |     4 |     1 ||     5
       Potion            |     1 |     4 ||     5
  Eat: Chunk             |       |     3 ||     3

Table legend:
 A = Turns spent in this place as a percentage of turns spent in the entire game.
 B = Non-inter-level travel turns spent in this place as a percentage of non-inter-level travel turns spent in the entire game.
 C = Inter-level travel turns spent in this place as a percentage of turns spent in this place.
 D = Turns resting spent in this place as a percentage of non-inter-level travel turns spent in this place.
 E = Turns spent auto-exploring this place as a percentage of non-inter-level travel turns spent in this place.
 F = Non-inter-level travel turns spent in this place divided by the number of levels of this place that you've seen.
                   A       B       C       D       E      F
               +-------+-------+-------+-------+-------+----------------------
         Total | 100.0 | 100.0 |   0.0 |   0.0 |   0.0 | 233.7
       Dungeon |  81.1 |  81.1 |   0.0 |   0.0 |   0.0 | 265.2
         Sewer |  17.9 |  17.9 |   0.0 |   0.0 |   0.0 | 293.0
       Ossuary |   1.0 |   1.0 |   0.0 |   0.0 |   0.0 |  17.0
               +-------+-------+-------+-------+-------+----------------------

Table legend:
 A = Kills in this place as a percentage of kills in entire the game.
 B = Kills by you in this place as a percentage of kills by you in the entire game.
 C = Kills by friends in this place as a percentage of kills by friends in the entire game.
 D = Other kills in this place as a percentage of other kills in the entire game.
 E = Experience gained in this place as a percentage of experience gained in the entire game.
 F = Experience gained in this place divided by the number of levels of this place that you have seen.
                   A       B       C       D       E      F
               +-------+-------+-------+-------+-------+----------------------
         Total | 100.0 | 100.0 |  -nan |  -nan | 100.0 |  95.3
       Dungeon |  66.1 |  66.1 |  -nan |  -nan |  68.2 |  91.0
         Sewer |  33.1 |  33.1 |  -nan |  -nan |  24.1 | 161.0
       Ossuary |   0.8 |   0.8 |  -nan |  -nan |   7.6 |  51.0
               +-------+-------+-------+-------+-------+----------------------

Vault maps used:
D:1:      elethiomel_arrival_infinity_welcomes_careful_drivers
D:2:      grunt_temple_overflow_order_and_chaos_1, serial_corexii_hall,
          corexii_hall_statues_i, corexii_hall_statues_t, uniq_jessica,
          uniq_robin, uniq_sigmund
D:3:      minmay_fountain_box, uniq_terence, uniq_crazy_yiuf_cottage
D:4:      gammafunk_temple_overflow_pools, gup_sewer_entry_glass, st_stairs_8
D:5:      first_bread, nicolae_ossuary_entry_plus
Sewer:    sewer_sea
Ossuary:  ossuary_zaba_flooded
